 Dungeon Crawl Stone Soup version 0.22-a0-815-gb582571 (webtiles) character file.

5 iamserjio the Charlatan (level 1, 0/10 HPs)
             Began as a Spriggan Artificer on July 23, 2018.
             Slain by an ooze (3 damage)
             ... on level 1 of the Dungeon.
             The game lasted 00:01:08 (172 turns).

iamserjio the Charlatan (Spriggan Artificer)         Turns: 172, Time: 00:01:10

Health: 0/10       AC:  2    Str:  8    XL:     1   Next: 66%
Magic:  4/4        EV: 18    Int: 12    God:
Gold:   38         SH:  0    Dex: 16    Spells: 0/0 levels left

rFire    . . .     SeeInvis +   a - +0 short sword
rCold    . . .     Gourm    .   (shield restricted)
rNeg     . . .     Faith    .   b - +0 robe
rPois    .         Spirit   .   (helmet restricted)
rElec    .         Reflect  .   (no cloak)
rCorr    .         Harm     .   (gloves unavailable)
MR       .....                  (boots unavailable)
Stlth    ++........             (no amulet)
HPRegen  0.03/turn              (no ring)
MPRegen  0.09/turn              (no ring)

@: very quick
A: very small, unfitting armour, see invisible, herbivore, speed 3, slow
metabolism 2
a: no special abilities


You were on level 1 of the Dungeon.
You were not hungry.

You visited 1 branch of the dungeon, and saw 1 of its levels.

You collected 38 gold pieces.

Inventory:

Hand Weapons
 a - a +0 short sword (weapon)
Armour
 b - a +0 robe (worn)
Jewellery
 g - an uncursed ring of fire
Wands
 c - a wand of flame (13)
 d - a wand of enslavement (15)
 e - a wand of random effects (14)
Scrolls
 h - a scroll of noise {unknown}
 i - a scroll of magic mapping {unknown}
 j - a scroll of fog {unknown}
Comestibles
 f - a ration


   Skills:
 - Level 1.0 Fighting
 + Level 1.2 Short Blades
 + Level 3.1 Dodging
 * Level 2.1 Stealth
 - Level 4.0 Evocations


You couldn't memorise any spells.
You didn't know any spells.
Your spell library was empty.

Dungeon Overview and Level Annotations

Branches:
Dungeon (1/15)

Altars:


Innate Abilities, Weirdness & Mutations

You are very small and have problems with some larger weapons.
You are too small for most types of armour.
You have supernaturally acute eyesight. (SInv)
You are a herbivore.
You cover ground extremely quickly.
You need to consume almost no food.


Message History

a giant cockroach corpse; a kobold corpse You open the door.
There is an open door here. 2 rats come into view.
The rat twitches its whiskers.
You hit the rat.
You kill the rat!
The helpless rat fails to defend itself.
You puncture the rat!
You kill the rat!
You see here a rat corpse.
j - a scroll labeled TISEUR KIACEEDOEKK You now have 38 gold pieces (gained 14).
An ooze comes into view.
You are too injured to fight recklessly!
The helpless ooze fails to defend itself.
You puncture the ooze!
The ooze is almost dead.
The ooze hits you.
You die...

##...##
#.###.###.####.#####
##'##
#......>......(...#
#.#
#####.####.###.##.#
#.# #.# #.# #.##.#
#####.############.#
#.# #.##.##
...†.............#.#
#.# #......
.............###.#.#
#.# ####.##
†#.#...#.###.# #.#.#
#.# #.# .#.#..##.#
#.# #@#.# #.# #.#
......##.# #...J...#
..# .#.##.##.#
#####.### #..
.........# #.# ##.
##.##.##.# #.# .
..##.##.. ..# ###


You could see an ooze.

Vanquished Creatures
  A giant cockroach (D:1)
  A hobgoblin (D:1)
  A kobold (D:1)
  3 rats (D:1)
6 creatures vanquished.

Notes
Turn   | Place    | Note
-------+----------+-------------------------------------------
     0 | D:1      | iamserjio the Spriggan Artificer began the quest for the Orb.
     0 | D:1      | Reached XP level 1. HP: 9/9 MP: 4/4
   120 | D:1      | Reached skill level 1 in Fighting
   172 | D:1      | Slain by an ooze

Vault maps used:
D:1:      elethiomel_arrival_quiet

Skill      XL: |  1 |
---------------+----+-----
Fighting       | 1 |  1.0
Stealth        | 2 |  2.1
Short Blades   | |  1.2
Dodging        | |  3.1
Evocations     | |  4.0

Action                   || total
-------------------------++-------
Melee: Short sword       ||    25
Evoke: Wand              ||     3
 Stab: Sleeping          ||     2
Dodge: Dodged            ||    18

Table legend:
 A = Spawn XP
 B = Non-spawn XP
 C = Spawn XP percentage of total XP
 D = Spawn monster count
 E = Non-spawn monster count
 F = Spawn count percentage of total count
 G = Total turns spent on level
                    A         B        C        D         E        F      G
               +---------+---------+-------+---------+---------+-------+---------
         Total |       0 |       8 |   0.0 |       0 |       6 |   0.0 |   172
               +---------+---------+-------+---------+---------+-------+---------
           D:1 |       0 |       8 |   0.0 |       0 |       6 |   0.0 |   172
               +---------+---------+-------+---------+---------+-------+---------
